 Dungeon Crawl Stone Soup version 0.19.4 (webtiles) character file.

56 vatarom the Sneak (level 3, -1/18 HPs)
             Began as a Vine Stalker Assassin on Feb 5, 2017.
             Slain by a gnoll (5 damage)
             ... on level 2 of the Dungeon.
             The game lasted 00:02:46 (1636 turns).

vatarom the Sneak (Vine Stalker Assassin)           Turns: 1636, Time: 00:02:47

Health: -1/18      AC:  6    Str: 11 (13) XL:     3   Next: 97%
Magic:  0/4        EV: 12    Int: 11      God:
Gold:   54         SH:  0    Dex: 16      Spells: 0 memorised, 2 levels left

rFire  + . .     SeeInvis .     a - +3 dagger
rCold  . . .     Gourm    .     i - +0 leather armour {rF+}
rNeg   . . .     Faith    .     (no shield)
rPois  .         Spirit   +     (no helmet)
rElec  .         Reflect  .     d - +0 cloak
rCorr  .         Harm     .     k - +1 pair of gloves
MR     .....                    (no boots)
Stlth  +++.......               (no amulet)
                                (no ring)
                                (no ring)

@: no status effects
A: fangs 2, magic shield, antimagic bite, no device heal 3, rot immunity
a: no special abilities


You were on level 2 of the Dungeon.
You were not hungry.

You visited 1 branch of the dungeon, and saw 2 of its levels.

You collected 54 gold pieces.

Inventory:

Hand Weapons
 a - a +3 dagger (weapon)
 b - a +0 blowgun
Missiles
 e - 6 poisoned needles
 f - 2 curare-tipped needles
Armour
 d - a +0 cloak (worn)
 i - a +0 leather armour of fire resistance (worn)
 k - a +1 pair of gloves (worn)
Scrolls
 h - 3 scrolls of remove curse
 j - a scroll of teleportation
Potions
 l - 2 potions of curing
 m - a potion of heal wounds
Comestibles
 c - a meat ration
 g - 2 bread rations


   Skills:
 - Level 1.7 Fighting
 * Level 2.6 Short Blades
 - Level 1.7 Throwing
 * Level 1.9 Dodging
 + Level 5.3 Stealth


You had 2 spell levels left.
You didn't know any spells.

Dungeon Overview and Level Annotations

Branches:
Dungeon (2/15)

Altars:


Innate Abilities, Weirdness & Mutations

You have extremely sharp teeth.
When hurt, damage is shared between your health and your magic reserves.
Your bite disrupts and absorbs the magic of your enemies.
Potions and wands cannot restore your health.
You are immune to rotting.


Message History

You hit the gnoll.
The gnoll is moderately wounded.
The gnoll closely misses you.
You hit the gnoll but do no damage.
The gnoll is moderately wounded.
The gnoll closely misses you.
You hit the gnoll.
The gnoll is heavily wounded.
The gnoll hits you!
* * * LOW HITPOINT WARNING * * *
You closely miss the gnoll. You bite the gnoll, but do no damage.
The gnoll is heavily wounded.
The gnoll misses you.
You hit the gnoll.
The gnoll is heavily wounded.
The gnoll hits you.
You hit the gnoll.
The gnoll is severely wounded.
The gnoll hits you.
You die...

#.......#..####.####..# .
#.##.##.#.†.....#.....#
.##
####.##....##.####.#.##.##
..# #.......##.##.#
#.#.##.# ..#
#.##.#..##.##.# #.(....#
..#
#.##..........######.####
..#####.##.....###.....#
#.#
......#.#......###<....#
#.#
...........#..gg@......#
#.#
....(.#.(.)....###.....#
#.# .(#######.#..#.#
#.....# #.### ..# #†#.##.#
####### #...# ..# #.#.##.#
###.# g.# #......# #.# .##
#######.#### #.# .
#.......# #######.# .
#.####..#### #.......#


You could see a gnoll and a hobgoblin.

Vanquished Creatures
  2 gnolls (D:2)
  An ooze (D:2)
  A dart slug (D:1)
  4 leopard geckos (D:1)
  A giant cockroach (D:1)
  4 hobgoblins (D:1)
  4 kobolds (D:1)
  2 quokkas (D:2)
  2 bats
  2 frilled lizards (D:1)
  3 goblins (D:1)
26 creatures vanquished.

Notes
Turn   | Place    | Note
-------+----------+-------------------------------------------
     0 | D:1      | vatarom the Vine Stalker Assassin began the quest for the Orb.
     0 | D:1      | Reached XP level 1. HP: 11/11 MP: 2/2
    64 | D:1      | Reached skill level 1 in Dodging
   276 | D:1      | Reached skill level 5 in Stealth
   282 | D:1      | Reached XP level 2. HP: 6/15 MP: 3/3
  1252 | D:1      | Reached XP level 3. HP: 18/18 MP: 4/4
  1597 | D:2      | Found a faded altar of an unknown god.
  1636 | D:2      | Slain by a gnoll

Skill      XL: |  1  2 |
---------------+-------+-----
Dodging        | 1 |  1.9
Stealth        | 5 |  5.3
Short Blades   | 2 |  2.6
Fighting       | |  1.7
Throwing       | |  1.7

Action                   || total
-------------------------++-------
Melee: Dagger            ||    82
       Bite              ||    18
 Fire: Blowgun           ||     2
  Use: Potion            ||     5
       Scroll            ||     5
 Stab: Sleeping          ||     3
  Eat: Meat ration       ||     1
Armor: Robe              ||     3
       Leather armour    ||    22
Dodge: Dodged            ||    46
